 Dungeon Crawl Stone Soup version 0.28.0-53-g5a82cb258f (webtiles) character file.

Game seed: 15423215568803225673

11024 qipq the Impaler (level 11, -10/78 (89) HPs)
             Began as a Merfolk Fighter on July 5, 2022.
             Was an Initiate of Gozag.
             Mangled by Sonja the cane toad (20 damage)
             ... on level 10 of the Dungeon.
             The game lasted 00:15:13 (18243 turns).

qipq the Impaler (Merfolk Fighter)                 Turns: 18243, Time: 00:15:14

HP:   -10/78 (89)   AC:  9    Str: 25    XL:     11   Next: 71%
MP:   11/11         EV:  9    Int:  7    God:    Gozag
Gold: 79            SH:  6    Dex: 16    Spells: 10/10 levels left

rFire   . . .      SeeInvis .   K - +0 trident (venom)
rCold   . . .      Faith    .   c - +0 buckler
rNeg    . . .      Spirit   .   b - +0 scale mail
rPois   .          Reflect  .   (no helmet)
rElec   .          Harm     .   L - +0 cloak
rCorr   .          Rampage  .   (no gloves)
Will    +....                   (no boots)
Stlth   ..........              (no amulet)
HPRegen 0.23/turn               H - ring "Kyjunej" {Will+ Str+6}
MPRegen 0.12/turn               a - ring of Fanaticism {+Blink Slay+4}

@: lethally poisoned (-10 -> -12), about to teleport, slowed, heavily drained,
very slow
A: (nimble swimmer 2), mertail
a: Renounce Religion, Evoke Blink, Potion Petition, Call Merchant, Bribe Branch


You were on level 10 of the Dungeon.
You worshipped Gozag.
Gozag was noncommittal.
You visited 2 branches of the dungeon, and saw 13 of its levels.

You collected 2308 gold pieces.
You spent 2185 gold pieces at shops.
You paid 44 gold pieces to Gozag.

Inventory:

Hand Weapons
 j - the +11 dagger of Taucun {freeze, rElec}
   (You found it on level 4 of the Dungeon)

   It freezes those it strikes, dealing additional cold damage.
   It can also slow down cold-blooded creatures.
   rElec:     It insulates you from electricity.
 o - a +1 vorpal trident
 u - a +0 triple crossbow
 K - a +0 trident of venom (weapon)
Missiles
 n - 27 poisoned darts
Armour
 b - a +0 scale mail (worn)
 c - a +0 buckler (worn)
 L - a +0 cloak (worn)
Jewellery
 a - the ring of Fanaticism (right hand) {+Blink Slay+4}
   (You bought it in a shop on level 4 of the Dungeon)

   [ring of slaying]

   Slay:      It affects your accuracy & damage with ranged weapons and melee
   (+4).
   +Blink:    It lets you blink.
 H - the ring "Kyjunej" (left hand) {Will+ Str+6}
   (You bought it in a shop on level 4 of the Dungeon)

   [ring of strength]

   Str:       It affects your strength (+6).
   Will:      It increases your willpower.
 J - a ring of flight
Wands
 e - a wand of flame (19) (quivered)
 y - a wand of digging (6)
 D - a wand of iceblast (25)
 F - a wand of polymorph (28)
Scrolls
 d - a scroll of enchant armour {unknown}
 f - 3 scrolls of magic mapping {unknown}
 g - 2 scrolls of blinking {unknown}
 h - 9 scrolls of identify
 m - 2 scrolls of vulnerability {unknown}
 p - a scroll of torment {unknown}
 q - 2 scrolls of summoning {unknown}
 t - 2 scrolls of noise {unknown}
 v - 2 scrolls of teleportation
 x - a scroll of fear {unknown}
 B - a scroll of amnesia {unknown}
 I - a scroll of holy word {unknown}
Potions
 i - a potion of degeneration
 k - 2 potions of curing
 l - a potion of berserk rage {unknown}
 r - 2 potions of cancellation {unknown}
 s - 3 potions of mutation {unknown}
 z - a potion of brilliance {unknown}
 A - 3 potions of flight {unknown}
 C - a potion of lignification {unknown}
 G - a potion of resistance {unknown}


   Skills:
 + Level 9.5 Fighting
 * Level 15.9 Polearms
 + Level 6.5 Armour
 + Level 8.6 Shields
 + Level 3.5 Evocations


You had 10 spell levels left.
You didn't know any spells.
Your spell library contained the following spells:

 Spells                   Type           Power      Damage    Failure   Level
 Animate Skeleton         Necr           0%         N/A       77%         1
 Beastly Appendage        Tmut           0%         N/A       77%         1
 Pain                     Necr           0%         1d4       77%         1
 Slow                     Hex            0%         N/A       77%         1
 Sting                    Tmut/Pois      0%         1d3       77%         1
 Poisonous Vapours        Pois/Air       0%         N/A       88%         2
 Wereblood                Tmut           0%         N/A       88%         2
 Confusing Touch          Hex            0%         N/A       98%         3
 Spider Form              Tmut/Pois      0%         N/A       98%         3
 Vampiric Draining        Necr           0%         2d6       98%         3
 Olgreb's Toxic Radiance  Pois           0%         N/A       100%        4


Dungeon Overview and Level Annotations

Branches:
Dungeon (11/15)            Temple (0/1) D:5            Lair (0/6) D:11
    Orc (2/2) D:9             Elf (0/3) Orc:2

Altars:
Cheibriados
Gozag
Vehumet
The Shining One

Shops:
D:1 (   D:2 (   D:4 *

Annotations:
D:7 exclusion: downstairs
D:8 2 transporters, PanSaczeczos's ghost, novice NaEE
D:10 exclusion: downstairs, Sonja
D:11 Snorg


Innate Abilities, Weirdness & Mutations

((You are very nimble when in or above water. (Stealth+, EV+, Speed+++)))
Your lower body shifts to a powerful aquatic tail in water.


Message History

You feel as though you will be slow longer.
Aiming: Polymorph
Press: ? - help, Shift-Dir - straight line, f - Sonja
Aim: Sonja, wielding a +1 short sword of distortion and quivering curare-tipped darts (will become a rime drake, a cane toad, or a centaur, chance to affect: 67%) Sonja evaporates and reforms as a cane toad!
You feel very sick.
A two-headed ogre comes into view.
It is wielding a +0 dire flail and a +0 giant club.
You feel very sick.
The two-headed ogre shouts in stereo!
You feel sick.
You feel sick.
You feel sick.
You feel sick.
You are no longer poisoned.
You block Sonja's attack. You block Sonja's attack.
There is an escape hatch in the ceiling here.
Sonja stings you but does no damage. You block the two-headed ogre's attack.
The two-headed ogre barely misses you. Sonja stings you.
You are poisoned.
Sonja poisons you! A mysterious force pulls you upwards.
The hatch slams shut behind you.
Level annotation: exclusion: downstairs You feel extremely sick.
Unknown command.
You feel sick.
The two-headed ogre hits you but does no damage.
The two-headed ogre hits you with a +0 giant club!
You block Sonja's attack.
You feel sick. Sonja barely misses you.
The two-headed ogre hits you but does no damage.
The two-headed ogre closely misses you.
As you read the scroll of teleportation, it crumbles to dust.
You feel strangely unstable.
You feel sick. You block Sonja's attack.
The two-headed ogre hits you with a +0 dire flail!
* * * LOW HITPOINT WARNING * * *
The two-headed ogre barely misses you.
You feel sick. Sonja stings you!!
You die...
Your body crumbles into a pile of gold.

###########'## #######
#..<.........####......
#......(..)..+..#......
#.....)>.....##.#......
#......).....##........
#............####......
#............# #......
#...O........# #......
#....F@......# #......
###########'## #......
###..# ####..# #...##
######)##
###.######...)....
#...# #..'........
#####'#####.##........
#.........#.##........
#.........#.##........


You could see a two-headed ogre and Sonja the cane toad.

Vanquished Creatures
  4 two-headed ogres
  A tengu warrior (D:10)
  Pikel (D:9)
  4 kobold demonologists
  An unseen horror (D:10)
  A tengu conjurer (D:10)
  2 trolls
  A shadow (D:10)
  2 wraiths
  3 wyverns
  A water moccasin (D:5)
  A warg (Orc:2)
  A sky beast (D:6)
  12 orc warriors
  2 ice beasts
  2 black bears (D:7)
  2 necrophages
  An ogre (D:5)
  3 centaurs
  A phantom (D:6)
  A lemure (D:8)
  3 kobold brigands
  Blork the orc (D:5)
  2 bullfrogs
  A gnoll sergeant (D:10)
  2 scorpions
  3 killer bees (D:10)
  3 howler monkeys
  6 crimson imps (D:7)
  2 centaur zombies
  9 orc priests
  2 centaur skeletons (D:5)
  3 hounds
  2 bullfrog skeletons
  3 iguanas
  6 orc wizards
  A scorpion zombie (D:4)
  A mummy (D:5)
  10 gnolls
  A howler monkey skeleton (D:7)
  7 adders
  2 shadow imps (D:7)
  2 white imps (D:7)
  2 ufetubi
  2 worms (D:2)
  64 orcs
  6 endoplasms
  A giant cockroach (D:2)
  8 goblins
  10 hobgoblins
  6 ball pythons
  5 bats
  3 frilled lizards
  19 kobolds
  A kobold zombie (D:5)
  3 orc zombies (D:5)
  11 rats
260 creatures vanquished.

Vanquished Creatures (others)
  A bush (D:10)
1 creature vanquished.

Grand Total: 261 creatures vanquished

Notes
Turn   | Place    | Note
-------+----------+-------------------------------------------
     0 | D:1      | qipq the Merfolk Fighter began the quest for the Orb.
     0 | D:1      | Reached XP level 1. HP: 18/18 MP: 1/1
   236 | D:1      | Reached XP level 2. HP: 24/24 MP: 2/2
   579 | D:2      | Found Laudan's Antique Weapon Emporium.
   601 | D:2      | Reached XP level 3. HP: 20/29 MP: 3/3
   611 | D:2      | Reached skill level 4 in Polearms
   994 | D:2      | HP: 1/30 [poisoned by an adder]
  1406 | D:3      | Found a radiant altar of Vehumet.
  1508 | D:3      | Reached XP level 4. HP: 37/37 MP: 4/4
  1945 | D:4      | Reached skill level 5 in Polearms
  1945 | D:4      | Reached XP level 5. HP: 41/42 MP: 5/5
  1959 | D:4      | Found an opulent altar of Gozag.
  2020 | D:4      | Identified the +11 dagger of Taucun {freeze, rElec}
  2311 | D:4      | Became a worshipper of Gozag Ym Sagoz the Greedy
  2675 | D:2      | Noticed a necrophage
  2693 | D:2      | Killed a necrophage
  2694 | D:2      | Reached skill level 6 in Polearms
  2694 | D:2      | Reached XP level 6. HP: 21/49 MP: 6/6
  3134 | D:1      | Found Ifuzic's Antique Weapon Boutique.
  3196 | D:1      | You fall into a shaft and drop 1 floor!
  3423 | D:1      | Found a faded altar of an unknown god.
  4067 | D:4      | Found Hopragel's General Store.
  4130 | D:4      | Bought a scroll of identify for 26 gold pieces
  4130 | D:4      | Bought a scroll of teleportation for 39 gold pieces
  5242 | D:4      | Reached skill level 7 in Polearms
  5242 | D:4      | Reached XP level 7. HP: 47/55 MP: 7/7
  5538 | D:5      | Entered Level 5 of the Dungeon
  5770 | D:6      | Reached skill level 5 in Fighting
  6554 | D:6      | Reached skill level 8 in Polearms
  6589 | D:6      | Reached XP level 8. HP: 42/63 MP: 8/8
  6819 | D:5      | Reached skill level 5 in Shields
  6892 | D:5      | Noticed a kobold demonologist
  6969 | D:5      | Noticed an orange demon
  6992 | D:4      | Noticed an orange demon
  6993 | D:4      | Killed a kobold demonologist
  6994 | D:4      | Reached skill level 9 in Polearms
  7427 | D:5      | Reached skill level 10 in Polearms
  7665 | D:5      | Noticed Blork the orc
  7680 | D:5      | Killed Blork the orc
  7935 | D:5      | Found a staircase to the Ecumenical Temple.
  8039 | D:5      | Reached XP level 9. HP: 70/71 MP: 9/9
  8897 | D:7      | Reached skill level 11 in Polearms
  9009 | D:7      | Found a snail-covered altar of Cheibriados.
 10164 | D:7      | Reached skill level 12 in Polearms
 10245 | D:8      | Noticed Maurice
 10251 | D:8      | Noticed Maurice
 10251 | D:8      | Maurice changed into Maurice the wyvern
 10262 | D:8      | Killed Maurice the wyvern
 10263 | D:8      | Reached skill level 5 in Armour
 10902 | D:8      | Noticed a two-headed ogre
 10905 | D:8      | Noticed a two-headed ogre
 11017 | D:8      | Reached XP level 10. HP: 57/79 MP: 10/10
 11136 | D:8      | Noticed a two-headed ogre
 11152 | D:8      | Killed a two-headed ogre
 11153 | D:8      | Reached skill level 13 in Polearms
 11385 | D:8      | Found a transporter.
 11386 | D:8      | Noticed PanSaczeczos's ghost (novice NaEE)
 11387 | D:8      | Found a transporter.
 11459 | D:8      | Killed a two-headed ogre
 11484 | D:8      | Killed a two-headed ogre
 12039 | D:9      | Noticed Pikel
 12085 | D:9      | Found a staircase to the Orcish Mines.
 12171 | D:9      | Reached skill level 14 in Polearms
 12344 | D:9      | Killed Pikel
 12672 | D:9      | Reached skill level 1 in Evocations
 12888 | D:4      | Bought the ring of Fanaticism {+Blink Slay+4} for 1196 gold
                  | pieces
 12986 | D:10     | Entered Level 10 of the Dungeon
 12986 | D:10     | Noticed a kobold demonologist
 13105 | D:9      | Killed a kobold demonologist
 13164 | D:10     | Reached XP level 11. HP: 87/87 MP: 11/11
 13195 | D:10     | Noticed a two-headed ogre
 13201 | D:10     | Noticed a tengu warrior
 13206 | D:10     | Killed a two-headed ogre
 13219 | D:10     | Killed a tengu warrior
 13220 | D:10     | Reached skill level 15 in Polearms
 15837 | D:10     | Found a glowing golden altar of the Shining One.
 16035 | Orc:1    | Entered Level 1 of the Orcish Mines
 16788 | Orc:2    | Entered Level 2 of the Orcish Mines
 16796 | Orc:2    | Found a staircase to the Elven Halls.
 16807 | Orc:2    | Noticed an orc sorcerer
 17323 | Orc:2    | Noticed a soul eater
 17980 | D:4      | Bought the ring "Kyjunej" {Will+ Str+6} for 924 gold pieces
 18127 | D:11     | Found a staircase to the Lair.
 18127 | D:11     | Noticed a fire dragon
 18127 | D:11     | Noticed Snorg
 18226 | D:11     | Noticed Sonja
 18229 | D:11     | Noticed Sonja
 18229 | D:11     | Sonja changed into Sonja the cane toad
 18229 | D:11     | Noticed a two-headed ogre
 18243 | D:10     | Mangled by Sonja the cane toad

Illustrated notes

Levels and vault maps discovered:
D:1:      minmay_arrival_radiant_lines, layout_basic,
          hellmonk_ecumenical_altar_zigzags, serial_shops, nicolae_shop_crystal,
          st_stairs_14
D:2:      layout_rooms, serial_shops, nicolae_shop_competitors_out_of_business
D:3:      layout_loops_ring, mainiacjoe_overflow_boulevard,
          minmay_misc_feat_roman
D:4:      layout_basic, grunt_gozag_statues, dk_noncrumbling_3,
          minmay_shop_grid_forest, minmay_fractal_squares_5
D:5:      layout_gridville, minmay_temple_entry_enclosed_plants,
          chequers_avenue, minmay_mini_ossuary, uniq_blork_the_orc
D:6:      layout_cave_pools
D:7:      layout_gridville, cheibriados_altar_1, minmay_nine_imps
D:8:      layout_rooms, gammafunk_ghost_smash, uniq_maurice
D:9:      layout_irregular_city, orc_0_dummy, uniq_pikel
D:10:     layout_roguey [special_room_orc], mainiacjoe_overflow_catwalk,
          kb_lookout_dungeons_type
D:11:     layout_small_grid, minmay_lair_entry_lava, uniq_sonja, uniq_snorg
Orc:1:    lemuel_ogre_cave, layout_caves, basic_altar, nicolae_orc_lava_room
Orc:2:    st_orc_mages, layout_diamond_mine, ebering_ghost_disaster_area,
          uniq_nessos, uniq_josephine

Skill      XL: |  1  2  3  4  5  6  7  8  9 10 11 |
---------------+----------------------------------+-----
Polearms       | 4 5 6 7 8 10 12 14 15 | 15.9
Fighting       | 4 5 6 7 8 9 |  9.5
Armour         | 3 4 5 6 |  6.5
Shields        | 4 5 6 7 8 |  8.6
Evocations     | 1 3 |  3.5

Action                   |  1- 3 |  4- 6 |  7- 9 | 10-12 || total
-------------------------+-------+-------+-------+-------++-------
Melee: Trident           |    76 |   236 |   492 |   319 ||  1123
Throw: Dart              |       |       |     7 |       ||     7
Evoke: Wand              |       |       |     3 |    30 ||    33
  Use: Potion            |     1 |       |     6 |     1 ||     8
       Scroll            |       |     1 |     2 |     1 ||     4
 Stab: Distracted        |       |       |     1 |     4 ||     5
Armor: Scale mail        |    30 |    56 |   125 |    61 ||   272
Dodge: Dodged            |    38 |    82 |   139 |    64 ||   323
Block: Buckler           |    11 |    35 |    90 |    63 ||   199
